 Dungeon Crawl Stone Soup version 0.28.0 (webtiles) character file.

Game seed: 3759310989498936626

216 Ablot the Grasshopper (level 5, -4/43 HPs)
             Began as a Gnoll Warper on Feb 17, 2022.
             Was an Initiate of Cheibriados.
             Slain by a gnoll (12 damage)
             ... on level 3 of the Dungeon.
             The game lasted 00:06:55 (3994 turns).

Ablot the Grasshopper (Gnoll Warper)                Turns: 3994, Time: 00:06:56

Health: -4/43      AC:  6    Str: 13    XL:     5   Next: 93%
Magic:  12/12      EV: 13    Int: 13    God:    Cheibriados [......]
Gold:   97         SH:  0    Dex: 13    Spells: 12/14 levels left

rFire   . . .      SeeInvis .   a - +0 spear
rCold   . . .      Faith    .   (no shield)
rNeg    . . .      Spirit   .   b - +0 leather armour
rPois   .          Reflect  .   m - +0 helmet
rElec   .          Harm     .   j - +0 cloak
rCorr   .          Rampage  .   q - +0 pair of gloves
Will    .....                   (no boots)
Stlth   ++........              (no amulet)
HPRegen 0.14/turn               (no ring)
MPRegen 0.13/turn               (no ring)

@: very slow
A: fangs 1, strong nose, distributed training
a: Renounce Religion


You were on level 3 of the Dungeon.
You worshipped Cheibriados.
Cheibriados was noncommittal.
You visited 1 branch of the dungeon, and saw 3 of its levels.

You collected 97 gold pieces.

Inventory:

Hand Weapons
 a - a +0 spear (weapon)
Missiles
 d - 5 boomerangs of dispersal (quivered)
 i - 125 stones
 n - 67 arrows
Armour
 b - a +0 leather armour (worn)
 j - a +0 cloak (worn)
 m - a +0 helmet (worn)
 q - a +0 pair of gloves (worn)
Wands
 o - a wand of mindburst (15)
 r - a wand of iceblast (9)
Scrolls
 c - a scroll of blinking
 e - 3 scrolls of teleportation {unknown}
 f - a scroll of holy word {unknown}
 k - 2 scrolls of identify {unknown}
 s - 3 scrolls of enchant armour {unknown}
Potions
 g - a potion of attraction {unknown}
 h - a potion of brilliance {unknown}
 l - a potion of heal wounds {unknown}
 p - a potion of curing {unknown}


   Skills:
 + Level 4.9 Fighting
 + Level 1.7 Short Blades
 + Level 1.7 Long Blades
 + Level 1.7 Axes
 + Level 1.7 Maces & Flails
 + Level 4.9 Polearms
 + Level 1.7 Staves
 + Level 1.7 Slings
 + Level 1.7 Bows
 + Level 1.7 Crossbows
 + Level 3.1 Throwing
 + Level 3.1 Armour
 + Level 4.9 Dodging
 + Level 1.7 Stealth
 + Level 1.7 Shields
 + Level 1.7 Unarmed Combat
 + Level 5.2 Spellcasting
 + Level 1.3 Conjurations
 + Level 1.3 Hexes
 + Level 1.3 Summonings
 + Level 1.3 Necromancy
 + Level 5.6 Translocations
 + Level 1.3 Transmutations
 + Level 1.3 Fire Magic
 + Level 1.3 Ice Magic
 + Level 1.3 Air Magic
 + Level 1.3 Earth Magic
 + Level 1.3 Poison Magic
 + Level 1.9 Invocations
 + Level 1.7 Evocations


You had 12 spell levels left.
You knew the following spells:

 Your Spells              Type           Power      Damage    Failure   Level
a - Blink                 Tloc           36%        N/A       3%          2

Your spell library contained the following spells:

 Spells                   Type           Power      Damage    Failure   Level
 Apportation              Tloc           36%        N/A       2%          1
 Gell's Gravitas          Tloc           18%        N/A       7%          3
 Lesser Beckoning         Tloc           18%        N/A       7%          3
 Teleport Other           Tloc           18%        N/A       7%          3
 Animate Skeleton         Necr           12%        N/A       13%         1
 Summon Small Mammal      Summ           24%        N/A       13%         1
 Ignite Poison            Fire/Tmut/Pois 6%         N/A       36%         3
 Mephitic Cloud           Conj/Pois/Air  6%         N/A       36%         3
 Manifold Assault         Tloc           18%        N/A       54%         5
 Freezing Cloud           Conj/Ice/Air   3%         6-21      98%         5


Dungeon Overview and Level Annotations

Branches:
Dungeon (3/15)

Altars:
Cheibriados
Dithmenos

Shops:
D:2 [

Annotations:
D:3 1 runed translucent door, exclusion: door, feta's ghost, amateur GnNe


Innate Abilities, Weirdness & Mutations

You have very sharp teeth.
Your uncanny sense of smell can sniff out nearby items.
Your experience applies equally to all skills.


Message History

You closely miss the gnoll. The gnoll hits you but does no damage.
You barely miss the gnoll. The gnoll closely misses you.
You hit the gnoll.
The gnoll is lightly wounded.
The gnoll closely misses you.
You hit the gnoll.
The gnoll is heavily wounded.
The gnoll hits you but does no damage. x2
You hit the gnoll.
The gnoll is almost dead.
The gnoll hits you from afar with a +0 halberd!
The gnoll misses you.
You hit the gnoll but do no damage. Your bite misses the gnoll.
The gnoll is almost dead.
The gnoll closely misses you.
You hit the gnoll.
You kill the gnoll!
Cheibriados appreciates the change of pace.
A gnoll comes into view. It is wielding a +0 halberd.
The gnoll barely misses you. The gnoll hits you with a +0 halberd!
You see here a +0 spear.
You hit the gnoll but do no damage. The gnoll hits you with a +0 halberd!
* * * LOW HITPOINT WARNING * * *
The gnoll barely misses you.
You see here a ball python corpse.
Reach: a) +0 spear
Press: ? - help, Dir - move target, f - gnoll
Aim: a gnoll, wielding a +0 halberd (about 32% to evade your +0 spear)
You reach to attack!
You hit the gnoll.
The gnoll is lightly wounded.
The gnoll hits you but does no damage. The gnoll closely misses you.
The gnoll closely misses you. The gnoll barely misses you.
The gnoll hits you from afar with a +0 halberd!
* * * LOW HITPOINT WARNING * * *
The gnoll barely misses you.
The gnoll hits you from afar with a +0 halberd!
You die...

....##.# #.##.#
##'###.# #.##.#
#..##)# #.##.#
##.##.####g##†#
#.........##.#
##.##._......#
####..#§....####
..###.####..#########
..# #.## #.g.gg.@...#
†.# #..# ##.#######.#
..####'## #.# #<#
........# #.# ###
........# #.#
........# #.#
..#####.###.# ###
#..##.# ###'##+##


You could see 3 gnolls.

Vanquished Creatures
  An orc wizard (D:2)
  Robin (D:2)
  5 gnolls
  5 adders
  2 worms
  A dart slug (D:3)
  An orc (D:2)
  5 ball pythons
  A bat (D:3)
  8 endoplasms
  2 giant cockroaches
  17 goblins
  4 hobgoblins
  9 jackals
  A quokka (D:3)
  3 frilled lizards
  3 kobolds
  8 rats
77 creatures vanquished.

Vanquished Creatures (others)
  2 plants (D:2)
2 creatures vanquished.

Grand Total: 79 creatures vanquished

Notes
Turn   | Place    | Note
-------+----------+-------------------------------------------
     0 | D:1      | Ablot the Gnoll Warper began the quest for the Orb.
     0 | D:1      | Reached XP level 1. HP: 20/20 MP: 6/6
   183 | D:1      | Reached XP level 2. HP: 23/26 MP: 7/7
   190 | D:1      | Learned a level 2 spell: Blink
  1041 | D:2      | Reached skill level 5 in Spellcasting
  1041 | D:2      | Reached XP level 3. HP: 19/31 MP: 7/9
  1055 | D:2      | Noticed Robin
  1411 | D:2      | Found Mirchunea's Armour Shoppe.
  1473 | D:2      | Reached skill level 1 in Invocations
  1712 | D:2      | Reached skill level 1 in Short Blades
  1712 | D:2      | Reached skill level 1 in Long Blades
  1712 | D:2      | Reached skill level 1 in Axes
  1712 | D:2      | Reached skill level 1 in Maces & Flails
  1712 | D:2      | Reached skill level 1 in Staves
  1712 | D:2      | Reached skill level 1 in Slings
  1712 | D:2      | Reached skill level 1 in Bows
  1712 | D:2      | Reached skill level 1 in Crossbows
  1712 | D:2      | Reached skill level 1 in Stealth
  1712 | D:2      | Reached skill level 1 in Shields
  1712 | D:2      | Reached skill level 1 in Unarmed Combat
  1712 | D:2      | Reached skill level 1 in Evocations
  1787 | D:2      | Reached XP level 4. HP: 38/38 MP: 11/11
  1808 | D:2      | Found a faded altar of an unknown god.
  1922 | D:2      | Killed Robin
  2248 | D:2      | Reached skill level 1 in Conjurations
  2248 | D:2      | Reached skill level 1 in Hexes
  2248 | D:2      | Reached skill level 1 in Summonings
  2248 | D:2      | Reached skill level 1 in Necromancy
  2248 | D:2      | Reached skill level 1 in Transmutations
  2248 | D:2      | Reached skill level 1 in Fire Magic
  2248 | D:2      | Reached skill level 1 in Ice Magic
  2248 | D:2      | Reached skill level 1 in Air Magic
  2248 | D:2      | Reached skill level 1 in Earth Magic
  2248 | D:2      | Reached skill level 1 in Poison Magic
  2905 | D:3      | Found a shadowy altar of Dithmenos.
  2939 | D:3      | Reached XP level 5. HP: 22/43 MP: 12/12
  3341 | D:3      | Found a snail-covered altar of Cheibriados.
  3346 | D:3      | Became a worshipper of Cheibriados the Contemplative
  3487 | D:3      | Found a runed translucent door.
  3488 | D:3      | Noticed feta's ghost (amateur GnNe)
  3994 | D:3      | Slain by a gnoll

Illustrated notes

Levels and vault maps discovered:
D:1:      wander_arrival_lonely_grave, layout_loops_ring, eino_curves_01
D:2:      layout_basic, shapermc_ecumenical_altar_acropolis, serial_shops, shop,
          uniq_robin
D:3:      layout_basic, makhleb_altar_promises_db, kennysheep_slug_shrine,
          grunt_dithmenos_smoke, ebering_ghost_sewer_d

Skill      XL: |  1  2  3  4  5 |
---------------+----------------+-----
Spellcasting   | 5 |  5.2
Invocations    | 1 |  1.9
Short Blades   | 1 |  1.7
Long Blades    | 1 |  1.7
Axes           | 1 |  1.7
Maces & Flails | 1 |  1.7
Staves         | 1 |  1.7
Slings         | 1 |  1.7
Bows           | 1 |  1.7
Crossbows      | 1 |  1.7
Stealth        | 1 |  1.7
Shields        | 1 |  1.7
Unarmed Combat | 1 |  1.7
Evocations     | 1 |  1.7
Conjurations   | 1 |  1.3
Hexes          | 1 |  1.3
Summonings     | 1 |  1.3
Necromancy     | 1 |  1.3
Transmutations | 1 |  1.3
Fire Magic     | 1 |  1.3
Ice Magic      | 1 |  1.3
Air Magic      | 1 |  1.3
Earth Magic    | 1 |  1.3
Poison Magic   | 1 |  1.3
Throwing       | 3 |  3.1
Armour         | 3 |  3.1
Fighting       | |  4.9
Polearms       | |  4.9
Dodging        | |  4.9
Translocations | |  5.6

Action                   |  1- 3 |  4- 6 || total
-------------------------+-------+-------++-------
Melee: Spear             |   138 |   223 ||   361
       Bite              |     6 |    18 ||    24
       Punch             |     1 |     5 ||     6
 Stab: Sleeping          |       |     1 ||     1
Armor: Leather armour    |    24 |    49 ||    73
Dodge: Dodged            |    59 |   128 ||   187
